 Dungeon Crawl Stone Soup version 0.29.0-4-gdea44cf6ec (webtiles) character file.

Game seed: 4135146455432428751

70 qw the Chopper (level 4, -2/26 HPs)
             Began as a Tengu Warper on Aug 28, 2022.
             Slain by a hobgoblin (4 damage)
             ... on level 3 of the Dungeon.
             The game lasted 00:00:11 (2353 turns).

qw the Chopper (Tengu Warper)                       Turns: 2353, Time: 00:00:12

Health: -2/26      AC:  6    Str: 14    XL:     4   Next: 21%
Magic:  8/8        EV: 11    Int: 13    God:
Gold:   72         SH:  0    Dex: 13    Spells: 7/7 levels left

rFire   . . .      SeeInvis .   Y - +0 hand axe
rCold   . . .      Faith    .   (no shield)
rNeg    . . .      Spirit   .   p - +0 ring mail
rPois   .          Reflect  .   (helmet restricted)
rElec   .          Harm     .   j - +0 cloak
rCorr   .          Rampage  .   (no gloves)
Will    .....                   (boots unavailable)
Stlth   +.........              (no amulet)
HPRegen 0.08/turn               (no ring)
MPRegen 0.11/turn               (no ring)

@: no status effects
A: beak, talons 3
a: no special abilities


You were on level 3 of the Dungeon.
You visited 1 branch of the dungeon, and saw 3 of its levels.

You collected 72 gold pieces.


Innate Abilities, Weirdness & Mutations

You have a beak for a mouth.
You have claws for feet.


   Skills:
 - Level 2.0 Fighting
 + Level 4.8 Axes
 - Level 1.0 Throwing
 - Level 1.1 Armour
 - Level 2.1 Dodging
 - Level 2.0 Spellcasting
 - Level 2.4 Translocations


You had 7 spell levels left.
You didn't know any spells.
Your spell library contained the following spells:

 Spells                   Type           Power      Damage    Failure   Level
 Blink                    Tloc           14%        N/A       30%         2
 Gell's Gravitas          Tloc           7%         N/A       52%         3
 Lesser Beckoning         Tloc           7%         N/A       52%         3
 Teleport Other           Tloc           7%         N/A       52%         3
 Manifold Assault         Tloc           7%         N/A       99%         5

Inventory:

Hand Weapons
 m - a +0 mace
 Y - a +0 hand axe (weapon)
Armour
 j - a +0 cloak (worn)
 p - a +0 ring mail (worn)
Scrolls
 a - a scroll of identify
Potions
 d - 2 potions of curing
 h - a potion of flight {unknown}
 l - a potion of lignification {unknown}
 o - a potion of degeneration {unknown}

Dungeon Overview and Level Annotations

Branches:
Dungeon (3/15)

Altars:


Message History

The bullfrog closely misses you. The kobold hits you but does no damage.
The bullfrog barely misses you.
You hit the bullfrog. You claw the bullfrog.
The bullfrog is moderately wounded.
You closely miss the kobold. The bullfrog hits you!
The kobold closely misses you.
A frilled lizard comes into view.
The bullfrog misses you.
You closely miss the bullfrog. You claw the bullfrog! You peck the bullfrog.
The bullfrog is severely wounded.
You hit the kobold. The kobold closely misses you.
The bullfrog hits you but does no damage.
You hit the bullfrog. Your peck misses the bullfrog.
The bullfrog is almost dead.
You hit the hobgoblin but do no damage. You closely miss the kobold.
The bullfrog barely misses you. The hobgoblin barely misses you.
The kobold hits you with a +0 whip. The orc barely misses you.
The bullfrog hits you.
You closely miss the bullfrog.
The bullfrog is severely wounded.
You hit the kobold. You hit the hobgoblin. The hobgoblin closely misses you.
The orc hits you from afar with a +0 trident.
The kobold hits you with a +0 whip. The bullfrog hits you.
You closely miss the bullfrog. Your kick misses the bullfrog.
Your peck misses the bullfrog.
The bullfrog is severely wounded.
You closely miss the kobold. You hit the hobgoblin but do no damage.
The bullfrog barely misses you.
The orc hits you from afar with a +0 trident.
The hobgoblin barely misses you. The kobold hits you with a +0 whip.
The bullfrog barely misses you.
You barely miss the bullfrog. You peck the bullfrog.
The bullfrog is almost dead.
You hit the kobold.
You kill the kobold!
You hit the hobgoblin but do no damage. The hobgoblin hits you.
You die...

....##).##...####
.........#......#
....##.#.#...##.##
....#..#.....%...######
......####.#..##.......
.....## #.##....###
....## ..####..# ...##
..## #..# ..## .## #.@#
..# #. #gF)...... ..#
#...o..... ..#
#....l.$.. ..#
#......... ..###.##
#......... ........
.......... <.#
#......... ..#..#


You could see a bullfrog, an orc, a hobgoblin and a frilled lizard.

Vanquished Creatures
  2 adders (D:2)
  A worm (D:3)
  A dart slug (D:1)
  An orc (D:2)
  8 ball pythons
  5 endoplasms
  A giant cockroach (D:2)
  3 hobgoblins
  2 jackals (D:1)
  7 kobolds
  A quokka (D:1)
  5 bats
  4 frilled lizards (D:1)
  2 goblins (D:2)
  4 rats
47 creatures vanquished.

Notes
Turn   | Place    | Note
-------+----------+-------------------------------------------
     0 | D:1      | qw the Tengu Warper began the quest for the Orb.
     0 | D:1      | Reached XP level 1. HP: 12/12 MP: 4/4
     0 | D:1      | 0 ||| qw: Version: 0.1-a-89-g26bdef1
     0 | D:1      | 0 ||| qw: Game counter: 427
     0 | D:1      | 0 ||| qw: Always use a shield: true
     0 | D:1      | 0 ||| qw: God list: Okawaru
     0 | D:1      | 0 ||| qw: Allow faded altars: false
     0 | D:1      | 0 ||| qw: Do Orc after D:15 true
     0 | D:1      | 0 ||| qw: Do second Lair branch before Depths: true
     0 | D:1      | 0 ||| qw: Lair rune preference: random
     0 | D:1      | 0 ||| qw: Plans: Normal
     0 | D:1      | 0 ||| PLANNING D:1-11
   153 | D:1      | Reached XP level 2. HP: 17/17 MP: 6/6
   178 | D:1      | Reached skill level 3 in Axes
   624 | D:1      | 624 ||| DROPPING +0 club.
   766 | D:1      | Reached XP level 3. HP: 16/21 MP: 7/7
  1053 | D:1      | Found a faded altar of an unknown god.
  1054 | D:1      | 1054 ||| UPGRADING to +0 cloak.
  1059 | D:1      | 1059 ||| UPGRADING to +0 ring mail.
  1069 | D:1      | 1069 ||| DROPPING +0 leather armour.
  1070 | D:1      | 1070 ||| READING 2 scrolls labelled XUUHITHUZESS.
  1074 | D:1      | 1074 ||| READING scroll labelled DITOGACWUV.
  1075 | D:1      | 1075 ||| READING scroll labelled ROCEVUEPLO.
  1076 | D:1      | 1076 ||| READING scroll labelled USHRYXZI UTHUM.
  1077 | D:1      | 1077 ||| READING scroll labelled KINENU GUT.
  1078 | D:1      | 1078 ||| DRINKING 3 clear potions.
  1079 | D:1      | 1079 ||| DRINKING 2 bubbling coppery potions.
  1080 | D:1      | 1080 ||| DROPPING scroll of blinking.
  1081 | D:1      | 1081 ||| DROPPING potion of magic.
  1155 | D:2      | 1155 ||| Stepping ~*~*~tactically~*~*~ (stealth).
  1156 | D:2      | 1156 ||| Stepping ~*~*~tactically~*~*~ (stealth).
  1179 | D:2      | Reached skill level 4 in Axes
  1704 | D:2      | Reached XP level 4. HP: 22/26 MP: 8/8
  2141 | D:2      | 2141 ||| READING scroll of teleportation.
  2162 | D:3      | 2162 ||| STAIRDANCE
  2188 | D:3      | 2188 ||| STAIRDANCE
  2197 | D:3      | 2197 ||| STAIRDANCE
  2326 | D:3      | Noticed a bullfrog
  2327 | D:3      | 2327 ||| Stepping ~*~*~tactically~*~*~ (stealth).
  2331 | D:3      | 2331 ||| Stepping ~*~*~tactically~*~*~ (stealth).
  2351 | D:3      | HP: 6/26 [bullfrog (4)]
  2352 | D:3      | HP: 2/26 [kobold/+0 whip (1)]
  2353 | D:3      | Slain by a hobgoblin

Levels and vault maps discovered:
D:1:      dpeg_arrival_another_circle, layout_basic,
          hellmonk_ecumenical_altar_leap_of_faith
D:2:      layout_basic
D:3:      layout_rooms, slow_altar_1

Skill      XL: |  1  2  3 |
---------------+----------+-----
Axes           | 3 4 |  4.8
Fighting       | |  2.0
Throwing       | |  1.0
Armour         | |  1.1
Dodging        | |  2.1
Spellcasting   | |  2.0
Translocations | |  2.4

Action                   |  1- 3 |  4- 6 || total
-------------------------+-------+-------++-------
Melee: Hand axe          |    64 |    28 ||    92
       Kick              |    14 |     6 ||    20
       Peck              |     7 |     6 ||    13
Throw: Boomerang         |     7 |       ||     7
  Use: Scroll            |     5 |     1 ||     6
       Potion            |     2 |       ||     2
Armor: Leather armour    |     3 |       ||     3
       Ring mail         |     4 |     7 ||    11
Dodge: Dodged            |    25 |    19 ||    44

Table legend:
 A = Non-vault XP
 B = Vault XP
 C = Vault XP percentage of total XP
 D = Non-vault monster count
 E = Vault monster count
 F = Vault count percentage of total count
                 A         B        C        D         E       F
            +---------+---------+-------+---------+---------+-------
      Total |     101 |       0 |   0.0 |      47 |       0 |   0.0
            +---------+---------+-------+---------+---------+-------
        D:1 |      40 |       0 |   0.0 |      25 |       0 |   0.0
        D:2 |      49 |       0 |   0.0 |      16 |       0 |   0.0
        D:3 |      12 |       0 |   0.0 |       6 |       0 |   0.0
            +---------+---------+-------+---------+---------+-------
